 Dungeon Crawl Stone Soup version 0.31.0-9-g3a7656b989 (webtiles) character file.

Game seed: 4673982479834624220

252 Leszczynek the Shooter (level 5, -10/32 HPs)
             Began as a Deep Elf Gladiator on Jan 24, 2024.
             Mangled by Duvessa
             ... wielding a +0 short sword
              (12 damage)
             ... on level 5 of the Dungeon.
             The game lasted 00:25:05 (3354 turns).

Leszczynek the Shooter (Deep Elf Gladiator)         Turns: 3354, Time: 00:25:05

Health: -10/32     AC:  9    Str: 17    XL:     5   Next: 89%
Magic:  0/7        EV: 13    Int: 13    God:
Gold:   50         SH:  0    Dex: 21    Spells: 4/4 levels left

rFire   . . .        a - +0 quarterstaff
rCold   . . .        (shield currently unavailable)
rNeg    . . .        n - +0 ring mail
rPois   .            c - +0 helmet
rElec   .            (no cloak)
rCorr   .            t - +2 pair of gloves {Dex+3}
SInv    +            (no boots)
Will    .....        x - amulet of guardian spirit
Stlth   ++           f - +6 ring of strength
HPRegen 0.25/turn    p - ring of see invisible
MPRegen 0.10/turn

%: guardian spirit
@: attractive
A: sense surroundings 1, subdued magic 1
a: no special abilities


You were on level 5 of the Dungeon.
You visited 1 branch of the dungeon, and saw 5 of its levels.

You collected 215 gold pieces.
You spent 165 gold pieces at shops.

Inventory:

Hand Weapons
 a - a +0 quarterstaff (weapon)
 b - a +0 sling
Missiles
 e - a javelin
Armour
 c - a +0 helmet (worn)
 n - a +0 ring mail (worn)
 o - a +0 leather armour
 t - a +2 pair of gloves of dexterity (worn)
Jewellery
 f - a +6 ring of strength (left hand)
 j - a ring of positive energy
 p - a ring of see invisible (right hand)
 x - an amulet of guardian spirit (around neck)
Wands
 B - a wand of digging (6)
Scrolls
 k - 3 scrolls of fear
 l - a scroll of enchant weapon
 m - a scroll of fog
 s - a scroll of torment {unknown}
 u - a scroll of butterflies {unknown}
 v - a scroll of amnesia {unknown}
 y - 2 scrolls of enchant armour {unknown}
 C - a scroll of vulnerability {unknown}
Potions
 z - 2 potions of brilliance


   Skills:
 * Level 3.4 Fighting
 + Level 3.4 Staves
 * Level 4.7 Ranged Weapons
 - Level 2.0 Throwing
 - Level 3.6 Dodging
 + Level 1.8 Stealth


You had 4 spell levels left.
You didn't know any spells.
Your spell library contained the following spells:

 Spells                   Type           Power      Damage    Failure   Level
 Sandblast                Erth           0%         2d4       45%         1
 Static Discharge         Conj/Air       0%         3-3/arc   61%         2
 Passwall                 Erth           0%         N/A       83%         3
 Stone Arrow              Conj/Erth      0%         3d7       83%         3
 Airstrike                Air            0%         2d(0-16)  99%         4
 Brom's Barrelling Bould  Conj/Erth      0%         2d3       99%         4
 Summon Lightning Spire   Summ/Air       0%         N/A       99%         4


Dungeon Overview and Level Annotations

Branches:
Dungeon (5/15)
 Temple: D:4-7

Altars:
Zin

Shops:
D:4 *

Annotations:
D:4 Eustachio, Grinder, Natasha
D:5 Blork the orc, Duvessa


Innate Abilities, Weirdness & Mutations

You passively map a small area around you.
Your spells are a little easier to cast, but a little less powerful.


Message History

You hit Duvessa but do no damage.
Duvessa struggles against the net.
The net rips apart, and Duvessa comes free!
Throw: throwing net
Press: ? - help, Q - select action, (/) - cycle Shift-Dir - straight line, f/p - Duvessa
Aim: Duvessa, wielding a +0 short sword, wearing a +0 scale mail and quivering boomerangs (berserk, 69% to hit)
You throw a throwing net. The throwing net hits Duvessa.
Duvessa is caught in the net!
Duvessa struggles against the net. x2
You hit Duvessa.
Duvessa is lightly wounded.
Duvessa struggles against the net.
You hit Duvessa.
Duvessa is lightly wounded.
Duvessa struggles against the net. x2
The net rips apart, and Duvessa comes free!
Enter note: 3 nets gone, i shaved off maybe 2 hp off her
Enter note: nice fucking rng bullshit, berserked unique always knows where you are
Enter note: and goes after you immediately
Enter note: unless this is a "feature"?
Enter note: retarded game
Okay, then.
Duvessa barely misses you. Duvessa closely misses you.
Duvessa hits you with a +0 short sword!
Enter note: ok, maybe one of these scrolls is a blink? :)
Enter note: oh wait nvm i drank attraction :)))))))))))))))))))))))))))))
Okay, then.
Okay, then.
Okay, then.
You hit Duvessa.
Duvessa is lightly wounded.
Duvessa hits you with a +0 short sword! Duvessa hits you with a +0 short sword.
You hit Duvessa but do no damage.
Duvessa is lightly wounded.
Duvessa hits you with a +0 short sword.
You hit Duvessa but do no damage.
Duvessa is lightly wounded.
Duvessa hits you with a +0 short sword!
* * * LOW HITPOINT WARNING * * *
Duvessa hits you with a +0 short sword!
You die...

##...### ###.# #.....### #.*
##......## ** * ###.....# , ,
###...## * ,, ##...# * ....
### #...# ,, .... ##.# #e..#
.. ,* *...# #..# ##@.##..
#####.... #..# #...#.# #..
...# #.## #...#.# #.##...#.
#.# ##..#$####........
#.####### #..)...####.####.
#.#.....# #......####.#
#.#.....######........##)###
#............).........#...#
###.....###......##.>..#...###


You could see Duvessa (berserk).

Vanquished Creatures
  Dowan (D:5)
  A hound (D:3)
  A gnoll bouda (D:5)
  4 gnolls (D:5)
  5 adders
  2 dart slugs
  A ribbon worm (D:3)
  8 orcs
  4 bats
  An endoplasm (D:4)
  A giant cockroach (D:2)
  7 goblins
  5 hobgoblins
  A kobold (D:3)
  2 quokkas
  4 ball pythons
  A frilled lizard (D:1)
  5 rats
54 creatures vanquished.

Notes
Turn   | Place    | Note
-------+----------+-------------------------------------------
     0 | D:1      | Leszczynek the Deep Elf Gladiator began the quest for the
                  | Orb.
     0 | D:1      | Reached XP level 1. HP: 12/12 MP: 3/3
   667 | D:1      | Reached skill level 1 in Ranged Weapons
   927 | D:2      | Reached XP level 2. HP: 17/17 MP: 4/4
  1005 | D:2      | Reached skill level 2 in Fighting
  1173 | D:2      | Found a faded altar of an unknown god.
  1406 | D:2      | Identified the +1 ring mail of the Sailor {*Corrode Int+3
                  | Stlth+}
  1407 | D:2      | mhh
  1506 | D:2      | Reached skill level 2 in Ranged Weapons
  1580 | D:3      | Reached XP level 3. HP: 22/22 MP: 5/5
  1602 | D:3      | snakes, snakes everywhere
  1700 | D:3      | Reached skill level 3 in Ranged Weapons
  1755 | D:3      | Reached XP level 4. HP: 27/27 MP: 6/6
  1851 | D:3      | Found a glowing silver altar of Zin.
  1922 | D:3      | You fall into a shaft and drop 1 floor!
  1923 | D:4      | ...
  1931 | D:4      | Found Qetigh's Assorted Antiques.
  1939 | D:4      | Bought a scroll labelled GININ QOTOLUUS for 28 gold pieces
  1939 | D:4      | Bought a scroll labelled UGOPRE ROSSUGI for 28 gold pieces
  1939 | D:4      | Bought a scroll labelled LYHI ADDUIKK for 28 gold pieces
  1939 | D:4      | Bought a scroll labelled FYXIAR KEOROQUXT for 28 gold
                  | pieces
  1939 | D:4      | Bought a scroll labelled FYXIAR KEOROQUXT for 28 gold
                  | pieces
  1939 | D:4      | Bought a viscous blue potion for 25 gold pieces
  2508 | D:4      | Reached skill level 3 in Fighting
  2513 | D:4      | Noticed Eustachio
  2571 | D:4      | Noticed Natasha
  2591 | D:3      | this was too optimistic
  2636 | D:4      | Noticed Grinder
  2637 | D:4      | come on
  2704 | D:4      | dsfsd
  2730 | D:5      | Entered Level 5 of the Dungeon
  2731 | D:5      | plz
  2746 | D:5      | D:5 XL 4
  2746 | D:5      | going well
  2891 | D:5      | Reached skill level 4 in Ranged Weapons
  2896 | D:5      | Reached XP level 5. HP: 32/32 MP: 7/7
  2982 | D:5      | Reached skill level 1 in Stealth
  3116 | D:5      | Noticed Dowan
  3151 | D:5      | Killed Dowan
  3153 | D:5      | ok, now just don't die to the other elf
  3158 | D:5      | Noticed Duvessa
  3159 | D:5      | uh huh
  3175 | D:5      | Noticed Blork the orc
  3176 | D:5      | 5 uniques in 2 levels
  3235 | D:5      | of course
  3235 | D:5      | right around the corner
  3249 | D:5      | motherfucker
  3335 | D:5      | come on
  3335 | D:5      | how are you here now
  3339 | D:5      | oh, teleport 3 tiles away
  3339 | D:5      | i had 4 teleports going into this level
  3339 | D:5      | now i have 0
  3340 | D:5      | Gained mutation: Your spells are a little easier to cast,
                  | but a little less powerful. [potion of mutation]
  3340 | D:5      | Gained mutation: You passively map a small area around you.
                  | [potion of mutation]
  3350 | D:5      | 3 nets gone, i shaved off maybe 2 hp off her
  3350 | D:5      | nice fucking rng bullshit, berserked unique always knows
                  | where you are
  3350 | D:5      | and goes after you immediately
  3350 | D:5      | unless this is a "feature"?
  3350 | D:5      | retarded game
  3352 | D:5      | ok, maybe one of these scrolls is a blink? :)
  3352 | D:5      | oh wait nvm i drank attraction
                  | :)))))))))))))))))))))))))))))
  3354 | D:5      | HP: 2/32 [Duvessa/+0 short sword (7)]
  3354 | D:5      | Mangled by Duvessa

Illustrated notes #### ...# ...############### ................@# ...#############.# ...#### #.# ........ .....> ######## ....#.#####.#b# ............S.. ..##.#.# #.# ... #.#.#.#.# #.#.#.#.# Turn 1407 on D:2: mhh .................... ........................ ........................ .......................# ..................."...# .............w..$....... .....................!.# .....(.................. .......@†S.............. ........................ ........................ ........................ ........................ #########.######.#####. #.# .# #.# .# #.# Turn 1602 on D:3: snakes, snakes everywhere ........... #.#........ . #.#........ .. .......... ...###......... ............... ............... .......@....... ............... ............... #.............. #.........##.#. ..........# # ..........# ..........# Turn 1923 on D:4: ... #.....########....... #.##### #..'##### #.# #...#..... #.# ###..#.#.'### #.# #...##.#.#... #.# ##.###..#.#.## #######.######..###..#.#.## #....................#.#... #.).......@..........#.+### #....................#..... #.(..................'##### #.......................... #.......................... #.......................... #.......................... #....................)..... #.......................... Turn 2591 on D:3: this was too optimistic ##............. .. #.....###.#.... #. ##....<.##.#.... #. ##........#...... #.##........###..... ##..##............... ####...#....#........... .......#...##........... #.@................ #.##...#........... ... ....##.......... #....##..###.........# #.... ##.. ..........# ##... #.............# ##.. ##............# #.. ............# ... ......... Turn 2637 on D:4: come on

#......................
####......................
##.......................##
#......................####
##...###.###...###..### .
###........##...## ## ..
#..........##....#... .>.
#..........#........ ....
#..........@....##.. #.##.
###.......##.?......
#.......##.@..#...#
##......##†........###.
#.......#.......####.... .
##......##......##......# .
##....####...............###
#.....####................#.
###.......##.......#.....#....


Turn 2704 on D:4: dsfsd ###.##### .......@# ###.##### Turn 2731 on D:5: plz
############ #....(.....# #.########.##### #@# #........<# #.# #.###.##### #.#
#.# #.# #.# #.# ..# #.# ### #.# ... Turn 2746 on D:5: D:5 XL 4 # ##### ## #...#
.### #...# ...###...# .........################## #........g...>##....(...).#
###.....#####.##.########.##### ####### #.##.# #........<# #.##@# #.###.#####
#.##.# #.# #.# ##.##.# #.# #.# #...#.# #.. ..# #####...#.# ### ###
##.......#.######## ..)................# ###...)...#.######.##
#.................# Turn 3153 on D:5: ok, now just don't die to the other elf
###.....#####.##.########.##### ####### #.##.# #........<# #.##)# #.###.#####
#.##.# #.# #.# ##.##.# #.# #.# #...#.# #.. ..# #####...#.# ### ###
##.......#.######## ..).......@........# ###...)...#.######.##
#.................# ..#####.......##### ... #........######.# .
#.....#..e....e.. #...#.#.#######.# #...#...# ##.#..... Turn 3159 on D:5: uh huh
.#.......####### ................ .#.......####### #.......#### ###........#
#...[....# #........# #........# #...@....# #....>...# #....##### #....o ##....
#...[. #..... #...... Turn 3176 on D:5: 5 uniques in 2 levels #...#.# #.. ..#
#####...#.# ### ########## ##.......#.#########.......#
..)................##.#####.# ###...)...#.######.##.# #.# #.................#.#
#.# ..#####.......######.# #.# ... #.......e######.#####.# .
#.....#..@..........#.# #...#.#.#######.###.#.# #...#...### #.# .#.#
###.#......# #.# .#.# #..........# #.# .#.# #..........# #.# .#.# #..........#
#.. .#.# .#.......##############.# ........................# Turn 3235 on D:5:
of course ##.#)# ####### #. .#...# #. #.g## #. #..# ##. ##..###### #..
..>........ #####.. .....###### ##...... .....# ########## ..)...... ######
#.hoo@)..# ###...).. ###.######o# #...... #......# ..#####. #......# ... #..
#.o....# . #.. #....h.# #.. #..o...# #.. #.o....# ###. ###.#### #... Turn 3249
on D:5: motherfucker ##g..# ..... ### #...# .....# ##.# #...# .. ...#. #..#
##..##.. #####.... #..# #...#.# #.. ...# #.## #...#.# #.##...#... #.#
##..#$####.......... #.####### #..)...####.####.. #.#.....# #.@....####.#
#.#.....######.....e..##)### #............).........#...#
###.....###......##.>..#...#### ####### #......#####........# #......#
###......# #......# #......# ######## ##.....# ####### Turn 3335 on D:5: come on
#...# #..o #...## #.o. ##...### ###. #.....### #. ##......## ###.....# ###...##
##...# ... ### #@..# ... ##.# #...# .. ... #..# ##..##.. #####... #..# #.e.#.#
#.. ...# #.## #...#.# #.##...# #.# ##§.#$####....... #.####### #..)...####.####
#.#.....# #......####.# #.#.....######........##)### Turn 3339 on D:5: oh,
teleport 3 tiles away #...# #..o #...## #.o. ##...### ###. #.....### #.
##......## ** * ###.....# , ###...## * ,, ##...# * ... ### #@..# ,, ... ##.#
#e..# .. ,* *... #..# ##..##.. #####... #..# #...#.# #.. ...# #.## #...#.#
#.##...# #.# ##..#$####....... #.####### #..)...####.#### #.#.....#
#......####.# #.#.....######........##)### Turn 3350 on D:5: 3 nets gone, i
shaved off maybe 2 hp off her ##...### ###.# #.....### #.* ##......## ** *
###.....# , , ###...## * ,, ##...# * .... ### #...# ,, .... ##.# #e..# .. ,*
*...# #..# ##@.##.. #####.... #..# #...#.# #.. ...# #.## #...#.# #.##...#. #.#
##..#$####........ #.####### #..)...####.####. #.#.....# #......####.#
#.#.....######........##)### #............).........#...#
###.....###......##.>..#...### Turn 3352 on D:5: ok, maybe one of these scrolls
is a blink? :)

Levels and vault maps discovered:
D:1:      co_arrival_square_in_a_square_in_a_square, layout_basic,
          chequers_mini_garden
D:2:      layout_basic, chequers_ecumenical_altar_simple
D:3:      layout_basic, mainiacjoe_overflow_alcove_2, minivault_11
D:4:      layout_cave_pools, serial_shops, shop, minmay_close_crescents,
          uniq_grinder, uniq_eustachio, uniq_natasha
D:5:      layout_basic, serial_curves, eino_curves_02, eino_curves_04,
          uniq_duvessa, uniq_ijyb, uniq_blork_the_orc

Skill      XL: |  1  2  3  4  5 |
---------------+----------------+-----
Ranged Weapons | 1 2 3 4 |  4.7
Fighting       | 2 3 |  3.4
Stealth        | 1 |  1.8
Staves         | |  3.4
Throwing       | |  2.0
Dodging        | |  3.6

Action                     |  1- 3 |  4- 6 || total
---------------------------+-------+-------++-------
  Melee: Quarterstaff      |    34 |    80 ||   114
   Fire: Sling             |    29 |    93 ||   122
  Throw: Throwing net      |       |     3 ||     3
    Use: Potion            |     3 |     7 ||    10
         Scroll            |     1 |     9 ||    10
 Armour: Ring mail         |    37 |    72 ||   109
         Leather armour    |     4 |       ||     4
  Dodge: Dodged            |    33 |    68 ||   101
